 Dungeon Crawl Stone Soup version 0.31-a0-95-g6fa058ef04 (webtiles) character file.

Game seed: 15271047112670128943

1691 TheGamechu the Chopper (level 9, -2/79 HPs)
             Began as a Hill Orc Fighter on May 26, 2023.
             Was a Follower of Beogh.
             Succumbed to a killer bee's poison
             ... on level 10 of the Dungeon.
             The game lasted 00:15:01 (5353 turns).

TheGamechu the Chopper (Hill Orc Fighter)           Turns: 5353, Time: 00:15:02

Health: -2/79      AC: 15    Str: 25    XL:     9   Next: 2%
Magic:  11/11      EV:  7    Int:  8    God:    Beogh [*.....]
Gold:   314        SH:  5    Dex: 14    Spells: 8/8 levels left

rFire   . . .        a - +0 war axe
rCold   . . .        c - +0 buckler
rNeg    + . .        D - +0 plate armour
rPois   .            (no helmet)
rElec   .            p - +0 cloak
rCorr   .            E - +0 pair of gloves "Madas" {rN+}
SInv    .            (no boots)
Will    .....        u - amulet of faith Stlth
                     w - +6 ring of strength
HPRegen 0.33/turn    (no ring)
MPRegen 0.12/turn

%: faith
@: mighty, lethally poisoned (-2 -> -11)
A: no striking features
a: Renounce Religion


You were on level 10 of the Dungeon.
You worshipped Beogh.
Beogh was aware of your devotion.
You visited 1 branch of the dungeon, and saw 9 of its levels.

You collected 347 gold pieces.
You spent 33 gold pieces at shops.

Inventory:

Hand Weapons
 a - a +0 war axe (weapon)
Missiles
 g - 65 stones (quivered)
 i - 7 poisoned darts
 C - a curare-tipped dart
Armour
 c - a +0 buckler (worn)
 p - a +0 cloak (worn)
 D - a +0 plate armour (worn)
 E - the +0 pair of gloves "Madas" (worn) {rN+}
   (You found it on level 6 of the Dungeon)

   rN:        It protects you from negative energy.
Jewellery
 u - an amulet of faith (around neck)
 w - a +6 ring of strength (left hand)
Wands
 r - a wand of roots (12)
 z - a wand of flame (30)
 B - a wand of mindburst (9)
Scrolls
 b - a scroll of noise {unknown}
 e - a scroll of blinking
 h - 3 scrolls of teleportation
 j - a scroll of magic mapping {unknown}
 k - 6 scrolls of fog
 l - a scroll of vulnerability {unknown}
 m - a scroll of torment {unknown}
 n - a scroll of enchant armour {unknown}
 s - a scroll of fear {unknown}
 y - a scroll of amnesia {unknown}
 A - a scroll of poison {unknown}
Potions
 d - a potion of might
 f - 5 potions of mutation
 o - 2 potions of enlightenment
 v - a potion of lignification {unknown}
 x - a potion of magic
 F - a potion of attraction {unknown}
 G - a potion of berserk rage {unknown}


   Skills:
 + Level 7.1 Fighting
 + Level 7.3 Axes
 + Level 3.6 Throwing
 + Level 6.4 Armour
 - Level 6.0 Shields
 + Level 2.7 Invocations


You had 8 spell levels left.
You didn't know any spells.
Your spell library contained the following spells:

 Spells                   Type           Power      Damage    Failure   Level
 Beastly Appendage        Tmut           0%         N/A       100%        1
 Freeze                   Ice            0%         1d3       100%        1
 Cigotuvi's Dreadful Rot  Necr/Pois/Air  0%         N/A       100%        2
 Lesser Beckoning         Tloc           0%         N/A       100%        2
 Wereblood                Tmut           0%         N/A       100%        2
 Frozen Ramparts          Ice            0%         1d1       100%        3
 Gell's Gravitas          Tloc           0%         N/A       100%        3
 Hailstorm                Conj/Ice       0%         3d3       100%        3
 Spider Form              Tmut/Pois      0%         N/A       100%        3
 Stone Arrow              Conj/Erth      0%         3d7       100%        3
 Summon Guardian Golem    Hex/Summ       0%         N/A       100%        3
 Teleport Other           Tloc           0%         N/A       100%        3
 Animate Armour           Summ/Erth      0%         N/A       100%        4
 Dispel Undead            Necr           0%         3d6       100%        4
 Death Channel            Necr           0%         N/A       100%        6
 Orb of Destruction       Conj           0%         9d5       100%        7
 Spellforged Servitor     Conj/Summ      0%         N/A       100%        7
 Lehudib's Crystal Spear  Conj/Erth      0%         10d2      100%        8


Dungeon Overview and Level Annotations

Branches:
Dungeon (8/15)             Temple (0/1) D:6
   Lair: D:8-11

Altars:
Hepliaklqana
Yredelemnul

Shops:
D:2 [*(?:   D:6 :   D:7 *   D:10 (

Portals:
Trove: D:10 (give +8 demon whip)

Annotations:
D:5 Prince Ribbit


Message History

You are poisoned.
The killer bee poisons you!
You hit the orc priest.
The orc priest is moderately wounded.
You hit the killer bee.
You feel very sick.
The killer bee stings you but does no damage.
The orc priest mumbles some strange prayers to Beogh against you.
Beogh smites you!
* * * LOW HITPOINT WARNING * * *
You block the killer bee's attack.
You hit the orc priest but do no damage.
The orc priest is moderately wounded.
You miss the killer bee.
You feel sick. The killer bee closely misses you.
The orc priest barely misses you. The killer bee misses you.
You block the orc priest's attack.
The killer bee stings you but does no damage.
You closely miss the orc priest.
The orc priest is moderately wounded.
You barely miss the killer bee.
You feel sick. The killer bee barely misses you.
The killer bee stings you but does no damage.
The orc priest hits you but does no damage.
You feel very mighty all of a sudden.
You feel sick.
The killer bee stings you but does no damage.
You block the killer bee's attack.
The orc priest hits you but does no damage.
You hit the orc priest but do no damage.
The orc priest is moderately wounded.
You slash the killer bee!
You feel sick. The killer bee closely misses you.
The killer bee stings you but does no damage.
The orc priest closely misses you. The killer bee stings you.
* * * LOW HITPOINT WARNING * * *
You are more poisoned.
The killer bee poisons you!
You hit the orc priest but do no damage.
The orc priest is moderately wounded.
You miss the killer bee.
You die...

#...#............[...###....#
#.#.###.......$.....##
##....# #.#.. ..............#
#..".. #.### ..............#
#..... .........#.....#
......
........###.............
####.....#......... ...
####............
#.#y@o.........$
#.#............
#.............: ##.#.......
##.##..... ## ..... ....#
#$..


You could see a killer bee and an orc priest.

Vanquished Creatures
  Sigmund (D:3)
  A wyvern (D:8)
  An ice beast (D:5)
  A black bear (D:7)
  A centaur (D:5)
  A phantom (D:4)
  2 kobold brigands
  2 bullfrogs
  A scorpion (D:5)
  2 killer bees (D:10)
  3 howler monkeys
  A crimson imp (D:7)
  3 hounds
  3 jellies
  6 orc wizards
  4 adders
  2 white imps (D:7)
  A worm (D:2)
  21 orcs
  5 ball pythons
  5 bats
  8 endoplasms
  2 giant cockroaches
  6 goblins
  4 hobgoblins
  9 jackals
  2 quokkas
  A frilled lizard (D:1)
  12 kobolds
  2 rats
113 creatures vanquished.

Notes
Turn   | Place    | Note
-------+----------+-------------------------------------------
     0 | D:1      | TheGamechu the Hill Orc Fighter began the quest for the
                  | Orb.
     0 | D:1      | Reached XP level 1. HP: 19/19 MP: 1/1
   138 | D:1      | Reached XP level 2. HP: 27/27 MP: 2/2
   751 | D:1      | Reached XP level 3. HP: 32/33 MP: 3/3
   818 | D:2      | Found Tofeodij's Armour Shop.
   820 | D:2      | Found Ifowk's Antique Weapon Shop.
   864 | D:2      | Found a faded altar of an unknown god.
   950 | D:2      | Found Suason's General Store.
  1007 | D:2      | Found Ubel's Magic Scroll Boutique.
  1028 | D:2      | Found Jipuviuss's Book Boutique.
  1031 | D:2      | Bought a scroll of teleportation for 33 gold pieces
  1233 | D:3      | Noticed Sigmund
  1246 | D:3      | Killed Sigmund
  1247 | D:3      | Reached XP level 4. HP: 41/41 MP: 4/4
  1247 | D:3      | Reached XP level 5. HP: 47/47 MP: 5/5
  1866 | D:4      | Found a hazy altar of Hepliaklqana.
  1890 | D:4      | Found a basalt altar of Yredelemnul.
  1945 | D:4      | Reached skill level 5 in Fighting
  1945 | D:4      | Reached XP level 6. HP: 41/56 MP: 6/6
  2305 | D:4      | Reached skill level 5 in Axes
  2365 | D:5      | Entered Level 5 of the Dungeon
  2384 | D:5      | Reached skill level 1 in Throwing
  2431 | D:5      | Noticed Prince Ribbit
  2706 | D:5      | Reached skill level 5 in Shields
  2706 | D:5      | Reached XP level 7. HP: 38/61 MP: 7/7
  2818 | D:5      | Reached skill level 5 in Armour
  2896 | D:5      | Became a worshipper of Beogh the Brigand
  3261 | D:6      | Found a staircase to the Ecumenical Temple.
  3626 | D:6      | Found Waabb's Book Boutique.
  3637 | D:6      | Identified the +0 war axe "Geub" {heavy, rC+ Will- Int+6}
  3934 | D:6      | Identified the +0 pair of gloves "Madas" {rN+}
  4238 | D:7      | Found Diva's General Store.
  4293 | D:7      | Reached XP level 8. HP: 68/70 MP: 8/8
  4556 | D:7      | Reached * piety under Beogh
  5127 | D:8      | Noticed a wyvern
  5132 | D:8      | Reached skill level 1 in Invocations
  5134 | D:8      | Killed a wyvern
  5190 | D:8      | You fall into a shaft and drop 2 floors!
  5190 | D:10     | Entered Level 10 of the Dungeon
  5199 | D:10     | Found a portal to a secret trove of treasure.
  5299 | D:10     | Noticed a troll
  5323 | D:10     | Found Zoden's Antique Weapon Boutique.
  5336 | D:10     | Reached XP level 9. HP: 38/79 MP: 10/10
  5352 | D:10     | HP: 1/79 [killer bee (6)]
  5353 | D:10     | Succumbed to a killer bee's poison

Illustrated notes

Levels and vault maps discovered:
D:1:      eino_arrival_water_cross, layout_loops_ring
D:2:      layout_rooms, dreamdust_ecumenical_altar_grove, serial_shops, shop,
          nicolae_shop_tiny_statue_garden, shop, nicolae_shop_tiny_waterfront,
          shop, nrook_mini_vaults
D:3:      layout_basic, uniq_sigmund
D:4:      nicolae_cairo_tiling_very_big, layout_rooms,
          mainiacjoe_overflow_big_doors
D:5:      layout_basic, uniq_prince_ribbit1
D:6:      layout_basic, temple_pool_b, serial_shops, shop
D:7:      layout_loops_ring, serial_shops, nicolae_shop_hallway_stairs,
          minmay_fire_ice_demons
D:8:      layout_cave_pools, kennysheep_mini, erik_lair_orcish_takeover
D:10:     layout_big_octagon, nicolae_trove_entry_free_sample, serial_shops,
          shop, hangedman_abyss_or_decor_stabs

Skill      XL: |  1  2  3  4  5  6  7  8 |
---------------+-------------------------+-----
Axes           | 3 4 5 6 7 |  7.3
Fighting       | 4 5 6 7 |  7.1
Armour         | 4 5 6 |  6.4
Shields        | 4 5 6 |  6.0
Throwing       | 1 2 3 |  3.6
Invocations    | 2 |  2.7

Action                     |  1- 3 |  4- 6 |  7- 9 || total
---------------------------+-------+-------+-------++-------
  Melee: War axe           |   103 |    83 |   217 ||   403
  Throw: Stone             |       |       |    10 ||    10
 Invoke: Convert to Beogh  |       |       |     1 ||     1
    Use: Scroll            |     2 |       |     7 ||     9
         Potion            |       |       |     4 ||     4
 Armour: Scale mail        |    37 |    30 |       ||    67
         Chain mail        |       |    15 |    24 ||    39
         Plate armour      |       |       |   150 ||   150
  Dodge: Dodged            |    48 |    37 |    93 ||   178
  Block: Buckler           |    23 |    18 |    81 ||   122

Table legend: (Time is in decaauts)
 A = Elapsed time spent in this place.
 B = Non-inter-level travel time spent in this place.
 C = Inter-level travel time spent in this place.
 D = Time resting spent in this place.
 E = Time spent auto-exploring this place.
 F = Levels seen in this place.
 G = Mean time per level.
                   A        B        C        D        E       F      G
               +--------+--------+--------+--------+--------+-----+--------+
         Total |   5468 |   5273 |    195 |    215 |   3873 |   9 |  607.6 |
       Dungeon |   5468 |   5273 |    195 |    215 |   3873 |   9 |  607.6 |
               +--------+--------+--------+--------+--------+-----+--------+

Top non-repeatable levels by time:
     D:7: 1073 daAuts
     D:5: 955 daAuts
     D:1: 840 daAuts
     D:6: 773 daAuts
     D:4: 603 daAuts
     D:3: 561 daAuts
     D:2: 427 daAuts
    D:10: 169 daAuts
     D:8: 64 daAuts
